 Dungeon Crawl Stone Soup version 0.27-b1-42-g19c61b19a5 (webtiles) character file.

Game seed: 1176768492215194892

11 shoop the Magician (level 2, 0/22 HPs)
             Began as a Djinni Hedge Wizard on July 30, 2021.
             Slain by a jackal (2 damage)
             ... on level 1 of the Dungeon.
             The game lasted 00:01:18 (518 turns).

shoop the Magician (Djinni Hedge Wizard)             Turns: 518, Time: 00:01:19

Health: 0/22       AC:  2    Str:  9    XL:     2   Next: 40%
Gold:   0          EV: 12    Int: 15    God:
                   SH:  0    Dex: 12

rFire    + + .     SeeInvis .   a - +0 dagger
rCold    x . .     Faith    .   (no shield)
rNeg     . . .     Spirit   .   b - +0 robe
rPois    ∞         Reflect  .   c - +0 hat
rElec    .         Harm     .   (no cloak)
rCorr    .         Rampage  .   (no gloves)
Will     .....                  (boots unavailable)
Stlth    ++........             (no amulet)
HPRegen  0.07/turn              (no ring)
MPRegen  0.00/turn              (no ring)

@: flying
A: sickness immunity, fire resistance 2, cold vulnerability 1, float, innate
caster, hp casting, extra vitality 1
a: no special abilities


You were on level 1 of the Dungeon.
You visited 1 branch of the dungeon, and saw 1 of its levels.

Inventory:

Hand Weapons
 a - a +0 dagger (weapon)
Armour
 b - a +0 robe (worn)
 c - a +0 hat (worn)
Scrolls
 d - 2 scrolls of enchant armour {unknown}


   Skills:
 + Level 0.9 Fighting
 - Level 2.1 Dodging
 + Level 1.9 Stealth
 + Level 2.6 Spellcasting


You couldn't memorise any spells.
You knew the following spells:

 Your Spells              Type           Power      Damage    Failure   Level
a - Magic Dart            Conj           36%        1d4       7%          1
b - Blink                 Tloc           N/A        N/A       11%         2
c - Call Imp              Summ           9%         N/A       11%         2
d - Slow                  Hex            9%         N/A       11%         2
e - Conjure Flame         Conj/Fire      9%         6-21      22%         3
f - Mephitic Cloud        Conj/Pois/Air  9%         N/A       22%         3
Your spell library was empty.

Dungeon Overview and Level Annotations

Branches:
Dungeon (1/15)

Altars:


Innate Abilities, Weirdness & Mutations

You are immune to sickness and miasma.
You are immune to poison.
Your flesh is very heat resistant. (rF++)
You are vulnerable to cold. (rC-)
You float through the air rather than walking.
You learn spells naturally, not from books.
Your magical power is your life essence.
You have superior vitality. (+4 HP)


Message History

The jackal bites you.
* * * LOW HITPOINT WARNING * * *
Casting: Magic Dart (safe; 8% risk of failure)
Confirm with . or Enter, or press ? or * to list all spells.
Aiming: Magic Dart (safe; 8% risk of failure)
Press: ? - help, Shift-Dir - straight line, f/p - jackal
Aim: a jackal (100% to hit)
The magic dart hits the jackal.
The jackal is lightly wounded.
* * * LOW HITPOINT WARNING * * *
The jackal barely misses you. The jackal closely misses you. x2
Casting: Magic Dart (safe; 8% risk of failure)
Confirm with . or Enter, or press ? or * to list all spells.
Aiming: Magic Dart (safe; 8% risk of failure)
Press: ? - help, Shift-Dir - straight line, f/p - jackal
Aim: a jackal (lightly wounded, 100% to hit)
The magic dart hits the jackal.
The jackal is severely wounded.
* * * LOW HITPOINT WARNING * * *
The jackal bites you.
* * * LOW HITPOINT WARNING * * *
The jackal barely misses you. x2
You hit the jackal.
You kill the jackal!
The jackal bites you but does no damage.
Casting: Magic Dart (safe; 7% risk of failure)
Confirm with . or Enter, or press ? or * to list all spells.
Aiming: Magic Dart (safe; 7% risk of failure)
Press: ? - help, Shift-Dir - straight line, f - jackal
Aim: a jackal (100% to hit)
The magic dart hits the jackal but does no damage.
* * * LOW HITPOINT WARNING * * *
The jackal closely misses you. The jackal barely misses you.
You hit the jackal but do no damage.
The jackal bites you but does no damage.
You hit the jackal.
The jackal is moderately wounded.
The jackal bites you but does no damage.
The jackal bites you.
You die...

#..........# #..........#
#..........# ###....).....#
.............# #..........#
#..........# . #####h#...## ..
#@†###.hh.h ... ##.## ###. ###.
##..# #..#p.F..#..##..##
#..#pF≈≈.#.....####
#..#TF≈X÷#........##### #######
#..#TxF≈÷#...####.....###.^...##
#..#hOO[.#...# #####.##.......##
#..#######...## #...........#


You could see a jackal.

Vanquished Creatures
  An endoplasm (D:1)
  A giant cockroach (D:1)
  2 jackals (D:1)
  A kobold (D:1)
  A quokka (D:1)
  A ball python (D:1)
  2 goblins (D:1)
  A rat (D:1)
10 creatures vanquished.

Vanquished Creatures (others)
  An octopode (D:1)
  A djinni (D:1)
  3 trolls (D:1)
  A merfolk (D:1)
  A human (D:1)
  A demigod (D:1)
  A dwarf (D:1)
  An ogre (D:1)
  A felid (D:1)
  A barachi (D:1)
  12 tentacles (D:1)
24 creatures vanquished.

Grand Total: 34 creatures vanquished

Notes
Turn   | Place    | Note
-------+----------+-------------------------------------------
     0 | D:1      | shoop the Djinni Hedge Wizard began the quest for the Orb.
     0 | D:1      | Reached XP level 1. HP: 15/15 MP: 0/0
     0 | D:1      | Noticed a demigod
     0 | D:1      | Noticed a barachi
     0 | D:1      | Noticed a dwarf
     0 | D:1      | Noticed a troll
     0 | D:1      | Noticed an octopode
     0 | D:1      | Noticed a troll
     0 | D:1      | Noticed a kraken
     0 | D:1      | Noticed a troll
     0 | D:1      | Noticed a felid
     0 | D:1      | Noticed an ogre
     0 | D:1      | Noticed a human
     0 | D:1      | Noticed a djinni
     0 | D:1      | Noticed a merfolk
     3 | D:1      | Killed a merfolk
     4 | D:1      | Killed a dwarf
     5 | D:1      | Killed a barachi
     7 | D:1      | Killed a djinni
     8 | D:1      | Killed a human
    10 | D:1      | Killed a troll
    13 | D:1      | Killed an octopode
    16 | D:1      | Killed an ogre
    18 | D:1      | Killed a felid
    22 | D:1      | Killed a troll
    25 | D:1      | Killed a troll
    30 | D:1      | Killed a demigod
   403 | D:1      | Reached XP level 2. HP: 18/22 MP: 0/0
   518 | D:1      | Slain by a jackal

Illustrated notes

Levels and vault maps discovered:
D:1:      nicolae_arrival_kraken_aquarium_a, layout_rooms, minivault_19

Action                   || total
-------------------------++-------
Melee: Dagger            ||     9
 Cast: Magic Dart        ||    30
Armor: Robe              ||     6
Dodge: Dodged            ||    26
